 Dungeon Crawl Stone Soup version 0.27.0-1-g7a089689b8 (webtiles) character file.

Game seed: 11495974995993985449

3205 SnakkuSnakku7 the Grappler (level 9, 0/74 HPs)
             Began as a Troll Ice Elementalist on Aug 3, 2021.
             Was an Initiate of Ru.
             Slain by a two-headed ogre (9 damage)
             ... on level 8 of the Dungeon.
             The game lasted 00:12:41 (7045 turns).

SnakkuSnakku7 the Grappler (Troll Ice Elementalist) Turns: 7045, Time: 00:12:41

Health: 0/74       AC: 12    Str: 18    XL:     9   Next: 65%
Magic:  9/9        EV:  7    Int: 11    God:    Ru [......]
Gold:   273        SH:  7    Dex: 13    Spells: 9/10 levels left

rFire    . . .     SeeInvis .     - Unarmed
rCold    + . .     Faith    .   f - +0 kite shield
rNeg     . . .     Spirit   .   y - +0 steam dragon scales
rPois    .         Reflect  .   (helmet restricted)
rElec    .         Harm     .   z - +0 cloak
rCorr    .         Rampage  .   (gloves unavailable)
Will     .....                  (boots unavailable)
Stlth    ++........             (no amulet)
HPRegen  1.22/turn              o - +4 ring of protection
MPRegen  0.11/turn              s - ring of protection from cold

@: lethally poisoned (0 -> -1), slowed, very slow
A: large, unfitting armour, claws 3, regeneration 1, shaggy fur 1, tough skin 1
a: Renounce Religion


You were on level 8 of the Dungeon.
You worshipped Ru.
Ru was noncommittal.
You visited 1 branch of the dungeon, and saw 8 of its levels.
You also visited: Sewer.

You collected 343 gold pieces.
You spent 70 gold pieces at shops.

Inventory:

Missiles
 r - 33 poisoned darts
Armour
 f - a +0 kite shield (worn)
 y - +0 steam dragon scales (worn)
 z - a +0 cloak (worn)
Jewellery
 o - a +4 ring of protection (left claw)
 q - a ring of flight
 s - a ring of protection from cold (right claw)
 C - the amulet "Umperysh" {Faith rElec rPois rF- Int+3}
   (You found it on level 7 of the Dungeon)

   [amulet of faith]

   It allows you to gain divine favour quickly.
   Int:       It affects your intelligence (+3).
   rF:        It makes you vulnerable to fire.
   rElec:     It insulates you from electricity.
   rPois:     It protects you from poison.
 E - a ring of ice
 G - a ring of resist corrosion
Wands
 l - a wand of mindburst (17)
 p - a wand of flame (20)
 x - a wand of paralysis (17)
Scrolls
 a - a scroll of torment {unknown}
 c - 4 scrolls of teleportation
 e - a scroll of holy word
 g - 4 scrolls of amnesia {unknown}
 h - 2 scrolls of enchant armour {unknown}
 i - 5 scrolls of silence {unknown}
 m - 3 scrolls of enchant weapon {unknown}
 n - 4 scrolls of identify
 w - 2 scrolls of magic mapping {unknown}
 B - 2 scrolls of noise {unknown}
 D - a scroll of fear {unknown}
 F - a scroll of blinking {unknown}
Potions
 b - a potion of might {unknown}
 j - 2 potions of invisibility
 k - a potion of curing {unknown}
 t - a potion of brilliance {unknown}
 u - a potion of haste {unknown}
 v - 2 potions of mutation {unknown}
 A - 2 potions of degeneration {unknown}


   Skills:
 - Level 1.5 Dodging
 - Level 1.0 Stealth
 + Level 13.1 Unarmed Combat
 - Level 1.2 Spellcasting
 - Level 2.9 Ice Magic


You had 9 spell levels left.
You knew the following spells:

 Your Spells              Type           Power      Damage    Failure   Level
a - Freeze                Ice            28%        1d5       54%         1

Your spell library contained the following spells:

 Spells                   Type           Power      Damage    Failure   Level
 Frozen Ramparts          Ice            14%        1d3       89%         3
 Ozocubu's Armour         Ice            7%         N/A       89%         3
 Animate Skeleton         Necr           0%         N/A       92%         1
 Apportation              Tloc           0%         N/A       92%         1
 Corona                   Hex            0%         N/A       92%         1
 Summon Small Mammal      Summ           0%         N/A       92%         1
 Passwall                 Tmut/Erth      0%         N/A       98%         2
 Slow                     Hex            0%         N/A       98%         2
 Static Discharge         Conj/Air       0%         N/A       98%         2
 Confusing Touch          Hex            0%         N/A       100%        3
 Swiftness                Air            0%         N/A       100%        3
 Vampiric Draining        Necr           0%         2d6       100%        3
 Hailstorm                Conj/Ice       3%         3d3       100%        4
 Lightning Bolt           Conj/Air       0%         1d11      100%        5
 Invisibility             Hex            0%         N/A       100%        6
 Maxwell's Capacitive Co  Air            0%         ∞         100%        8


Dungeon Overview and Level Annotations

Branches:
Dungeon (8/15)             Temple (0/1) D:7           Sewer (visited)
   Lair: D:8-11

Altars:
Fedhas
Gozag
Kikubaaqudgha
Okawaru
Ru
Zin

Shops:
D:1 *

Annotations:
D:7 exclusions: hornet and hydra


Innate Abilities, Weirdness & Mutations

You are too large for most types of armour.
You have claws for hands.
Your natural rate of healing is unusually fast.
You are covered in fur. (AC +1)
You have tough skin. (AC +1)


Message History

The two-headed ogre is heavily wounded.
The two-headed ogre hits you but does no damage.
The two-headed ogre hits you with a +0 giant club!
You claw the two-headed ogre!
The two-headed ogre is heavily wounded.
The two-headed ogre hits you with a +0 giant spiked club!!
The two-headed ogre hits you with a +0 giant club!
You scratch the two-headed ogre but do no damage.
The two-headed ogre is severely wounded.
You barely miss the two-headed ogre.
The two-headed ogre is severely wounded.
The two-headed ogre hits you with a +0 giant spiked club!
* * * LOW HITPOINT WARNING * * *
The two-headed ogre hits you with a +0 giant club!
* * * LOW HITPOINT WARNING * * *
Unknown command.
The two-headed ogre looks more healthy.
The kobold brigand throws a curare-tipped dart.
The curare-tipped dart hits you.
You are poisoned.
You have difficulty breathing.
* * * LOW HITPOINT WARNING * * *
You feel yourself slow down.
Unknown command.
You feel much better.
You feel very sick.
The two-headed ogre hits you with a +0 giant spiked club!
* * * LOW HITPOINT WARNING * * *
The two-headed ogre hits you with a +0 giant club.
* * * LOW HITPOINT WARNING * * *
You feel much better.
You feel very sick. You block the kobold's attack.
The two-headed ogre hits you with a +0 giant spiked club!
* * * LOW HITPOINT WARNING * * *
The two-headed ogre hits you but does no damage.
The kobold hits you with a +0 dagger.
* * * LOW HITPOINT WARNING * * *
The two-headed ogre hits you with a +0 giant spiked club!
You die...

#.... #...................
..#.... #...................
.#...#....###...................
.....(..................†.......
#..........##.............######
.+...............................
#...........#.......#...........
............#.###+#.######......
...............@OK#'##...+......
............#>.##K.......# .....O
........<[....>...K......# ......
........#####............# ....K.
........................#......
........................#......
.............#..........'......
....#........#..........#.()...
....+....<#.##.#...).#.## .....


You could see a two-headed ogre, a kobold brigand and 2 kobolds.

Vanquished Creatures
  A centaur zombie (D:5)
  Grinder (Sewer)
  A wyvern (D:8)
  2 steam dragons
  Grum (D:8)
  An acid dragon (D:7)
  A water moccasin (D:7)
  A necrophage (D:4)
  A black bear (D:6)
  A sky beast (D:5)
  3 wolves (D:8)
  A phantom (D:5)
  A centaur (D:7)
  A kobold brigand (Sewer)
  A bullfrog (D:7)
  A wyvern zombie (D:7)
  A scorpion (D:6)
  A water moccasin skeleton (D:4)
  3 wights (D:8)
  A howler monkey (D:6)
  2 hounds (D:5)
  2 quasits (Sewer)
  3 bullfrog zombies
  A jelly (D:5)
  Crazy Yiuf (D:2)
  A bullfrog skeleton (D:5)
  A centaur skeleton (D:7)
  An iguana (D:4)
  2 orc wizards
  Ijyb (D:4)
  Terence (D:3)
  A killer bee zombie (D:3)
  A hound skeleton (D:5)
  8 gnolls
  A howler monkey skeleton (D:7)
  7 adders
  3 shadow imps
  A white imp (D:3)
  4 ufetubi
  An adder skeleton (D:4)
  2 worms (D:3)
  2 dart slugs
  3 orcs
  7 ball pythons
  6 bats
  6 endoplasms
  7 giant cockroaches
  6 goblins
  9 hobgoblins
  13 jackals
  25 kobolds
  2 quokkas
  5 frilled lizards
  7 rats
168 creatures vanquished.

Vanquished Creatures (others)
  A bat zombie (Sewer)
  29 plants
30 creatures vanquished.

Grand Total: 198 creatures vanquished

Notes
Turn   | Place    | Note
-------+----------+-------------------------------------------
     0 | D:1      | SnakkuSnakku7 the Troll Ice Elementalist began the quest
                  | for the Orb.
     0 | D:1      | Reached XP level 1. HP: 16/16 MP: 1/1
    44 | D:1      | Found Peov's Assorted Antiques.
   189 | D:1      | Reached skill level 1 in Unarmed Combat
   218 | D:1      | Reached XP level 2. HP: 24/24 MP: 2/2
   268 | D:1      | Reached skill level 2 in Unarmed Combat
   657 | D:1      | Bought an emerald potion for 16 gold pieces
   657 | D:1      | Bought a scroll labelled IPEODI GYISUV for 18 gold pieces
   657 | D:1      | Bought a scroll labelled IPEODI GYISUV for 18 gold pieces
   657 | D:1      | Bought a scroll labelled YMUNTE OPPIS for 18 gold pieces
   735 | D:2      | Reached XP level 3. HP: 31/31 MP: 3/3
   785 | D:2      | Reached skill level 3 in Unarmed Combat
  1103 | D:2      | Noticed Terence
  1201 | D:2      | Reached XP level 4. HP: 37/39 MP: 4/4
  1230 | D:2      | Found a runed translucent door.
  1231 | D:2      | Noticed Crazy Yiuf
  1670 | D:3      | Found an opulent altar of Gozag.
  1670 | D:3      | Found a sacrificial altar of Ru.
  1681 | D:3      | Reached skill level 4 in Unarmed Combat
  1727 | D:3      | Found a glowing silver altar of Zin.
  2173 | D:3      | Reached XP level 5. HP: 43/45 MP: 5/5
  2204 | D:3      | Reached skill level 5 in Unarmed Combat
  2442 | D:3      | Killed Terence
  2693 | D:4      | Noticed Ijyb
  2700 | D:4      | Killed Ijyb
  2701 | D:4      | Reached XP level 6. HP: 51/53 MP: 6/6
  2723 | D:4      | Reached skill level 6 in Unarmed Combat
  2786 | D:4      | Found a glowing drain.
  2818 | Sewer    | Entered a sewer
  2968 | Sewer    | Found a burning altar of Makhleb.
  3006 | Sewer    | Noticed Grinder
  3019 | Sewer    | Killed Grinder
  3020 | Sewer    | Reached skill level 7 in Unarmed Combat
  3020 | Sewer    | Reached XP level 7. HP: 48/59 MP: 7/7
  3043 | Sewer    | Reached skill level 8 in Unarmed Combat
  4082 | D:5      | Entered Level 5 of the Dungeon
  4157 | D:5      | Reached skill level 9 in Unarmed Combat
  4251 | D:5      | Noticed a steam dragon
  4263 | D:5      | Reached XP level 8. HP: 60/67 MP: 8/8
  4336 | D:5      | Reached skill level 10 in Unarmed Combat
  4911 | D:2      | Killed Crazy Yiuf
  5074 | D:6      | Reached skill level 11 in Unarmed Combat
  5323 | D:6      | You fall into a shaft and drop 2 floors!
  5357 | D:8      | Reached XP level 9. HP: 69/73 MP: 9/9
  5420 | D:8      | Noticed Grum
  5436 | D:8      | Killed Grum
  5442 | D:8      | Reached skill level 12 in Unarmed Combat
  5489 | D:7      | Identified the amulet "Umperysh" {Faith rElec rPois rF-
                  | Int+3}
  5594 | D:7      | Noticed a four-headed hydra
  6199 | D:7      | Found an ancient bone altar of Kikubaaqudgha.
  6244 | D:7      | Found a blossoming altar of Fedhas.
  6244 | D:7      | Found an iron altar of Okawaru.
  6371 | D:3      | Became a worshipper of Ru the Awakened
  6450 | D:7      | Found a staircase to the Ecumenical Temple.
  6997 | D:8      | Reached skill level 13 in Unarmed Combat
  6997 | D:8      | Noticed a two-headed ogre
  7036 | D:8      | HP: 3/74 [two-headed ogre (13)]
  7044 | D:8      | HP: 1/74 [two-headed ogre (6)]
  7045 | D:8      | Slain by a two-headed ogre

Illustrated notes

Levels and vault maps discovered:
D:1:      lemuel_arrival_behind_the_door_small, layout_loops_ring, serial_shops,
          nicolae_shop_waterfront, amcnicky_mini_corridor_feature
D:2:      layout_basic, uniq_crazy_yiuf_cottage, uniq_terence
D:3:      minmay_general_purpose_star, layout_basic,
          nicolae_overflow_hidden_temple, serial_bayou, serial_bayou_pond_a,
          serial_bayou_crossing, serial_bayou_lagoon_a, serial_bayou_pond_e,
          serial_bayou_pond_a
D:4:      wad_lake_hut, layout_loops_corners, gup_sewer_entry_glass,
          chequers_mini_garden, uniq_ijyb
D:5:      layout_basic, serial_glass, glass_columns_a, glass_columns_b,
          serial_bayou_ford_a
D:6:      layout_gridville, hangedman_decor_lopped
D:7:      layout_gridville, gammafunk_temple_overflow_statue,
          nicolae_kikubaaqudgha_miasma_corner, minmay_temple_entry_ruins
D:8:      layout_basic, uniq_grum, uniq_maggie

Skill      XL: |  1  2  3  4  5  6  7  8  9 |
---------------+----------------------------+-----
Unarmed Combat | 1 2 3 4 5 7 9 11 13 | 13.1
Dodging        | |  1.5
Stealth        | |  1.0
Spellcasting   | |  1.2
Ice Magic      | |  2.9

Action                   |  1- 3 |  4- 6 |  7- 9 || total
-------------------------+-------+-------+-------++-------
Melee: Unarmed           |   127 |   234 |   220 ||   581
Throw: Dart              |       |       |     1 ||     1
Evoke: Wand              |       |       |     4 ||     4
  Use: Scroll            |     3 |     1 |     1 ||     5
       Potion            |       |       |     6 ||     6
 Stab: Sleeping          |     2 |     3 |     3 ||     8
       Paralysed         |       |       |     2 ||     2
Armor: Robe              |    65 |    99 |    28 ||   192
       Steam dragon scal |       |       |   139 ||   139
Dodge: Dodged            |    63 |    80 |    80 ||   223
Block: Kite shield       |    12 |    78 |    95 ||   185
